AoeStats
← Faruk4999

Oasis

510223167Analyzed
3v3 RM · 3d ago on Sep 30, 2026· 45m 41s· 6 players
Game mode
Random Map
Map size
Normal (6 player)
Population
200
Speed
Normal
Resources
Standard
Victory
Conquest
Starting age
Dark Age
Ending age
Imperial Age
RankedLock teamsTeams togetherTeam positionsShared explorationLock speedFull tech treeHidden civsTurbo modeCheats
Victory
Defeat
🇺🇸 Romans · United States
1099
+15
🇺🇸 Cumans · United States
1020
+18
🇺🇸 Varangians · United States
1000
+19
🇲🇽 Italians · Mexico
1137
-21
🇲🇽 Byzantines · Mexico
1042
-46
🇲🇽 Japanese · Mexico
1004
-15
RarinWheel65511
5:58 Loom
11:09 Feudal Age
11:56 Double-Bit Axe
12:49 Horse Collar
16:28 Wheelbarrow
17:19 Wheelbarrow
20:03 Town Watch
21:13 Bloodlines
25:00 Castle Age
25:39 Forging
25:34 Scale Barding Armor
26:18 Hand Cart
27:33 Fletching
27:44 Padded Archer Armor
27:46 Stone Mining
27:46 Gold Mining
28:30 Elite Skirmisher
29:15 Thumb Ring
29:54 Bow Saw
30:32 Bodkin Arrow
30:53 Leather Archer Armor
31:14 Iron Casting
36:08 Imperial Age
33:44 Capped Ram
34:42 Town Patrol
35:58 Gold Shaft Mining
35:45 Chain Barding Armor
35:25 Scale Mail Armor
36:09 Elite Steppe Lancer
36:56 Heavy Plow
39:07 Pikeman
39:48 Squires
39:33 Arson
39:50 Halberdier
42:13 Onager
45:35 Plate Barding Armor
46:01 Blast Furnace
2Rock
11:04 Feudal Age
12:27 Double-Bit Axe
15:03 Castle Age
12:58 Stone Mining
12:56 Horse Collar
18:01 Loom
18:52 Wheelbarrow
18:33 Bow Saw
18:27 Heavy Plow
25:51 Gold Mining
27:21 Hand Cart
26:52 Town Watch
28:23 Town Patrol
32:10 Imperial Age
30:30 Stone Shaft Mining
30:13 Scale Barding Armor
30:19 Forging
30:39 Squires
30:25 Gambesons
30:26 Arson
31:24 Chain Barding Armor
32:24 Iron Casting
31:53 Vendel Legacy
32:45 Bloodlines
32:36 Husbandry
33:34 Conscription
35:12 Caravan
35:23 Guilds
36:19 Elite Jarl
36:24 Cavalier
37:46 Plate Barding Armor
38:12 Blast Furnace
38:53 Two-Man Saw
38:43 Fletching
Faelian the Unsuccessful
5:55 Loom
8:38 Feudal Age
13:53 Wheelbarrow
13:46 Double-Bit Axe
15:06 Horse Collar
22:52 Castle Age
24:07 Hand Cart
26:52 Fortified Wall
29:53 Masonry
31:08 Gold Mining
31:08 Stone Mining
31:28 Bow Saw
31:18 Heavy Plow
32:45 Ballistics
33:07 Stone Mining
33:07 Gold Mining
33:08 Stone Mining
33:08 Gold Mining
33:08 Stone Mining
33:08 Gold Mining
33:08 Stone Mining
33:48 Heavy Plow
33:59 Bow Saw
39:30 Imperial Age
37:17 Town Watch
37:43 Forging
37:33 Scale Mail Armor
37:23 Fletching
37:34 Padded Archer Armor
38:01 Padded Archer Armor
38:06 Scale Barding Armor
38:02 Padded Archer Armor
38:07 Scale Barding Armor
38:32 Gold Mining
38:39 Murder Holes
38:07 Pikeman
38:47 Squires
38:09 Man-at-Arms
39:27 Iron Casting
39:55 Ballistas
39:22 Long Swordsman
40:20 Chain Mail Armor
40:01 Bodkin Arrow
40:21 Chain Mail Armor
40:01 Bodkin Arrow
40:37 Comitatenses
40:38 Conscription
40:29 Heavy Scorpion
41:26 Legionary
42:49 Leather Archer Armor
43:36 Blast Furnace
43:05 Bloodlines
42:55 Husbandry
43:28 Elite Centurion
43:57 Elite Skirmisher
44:01 Halberdier
45:45 Ring Archer Armor
45:36 Chain Barding Armor
46:19 Siege Engineers
Kiko10200
8:25 Loom
11:51 Feudal Age
12:23 Double-Bit Axe
13:53 Man-at-Arms
17:59 Horse Collar
23:30 Castle Age
21:31 Fletching
21:42 Padded Archer Armor
21:38 Stone Mining
22:39 Gold Mining
24:29 Bow Saw
28:40 Heavy Plow
31:04 Town Watch
32:08 Bodkin Arrow
36:00 Imperial Age
34:07 Wheelbarrow
34:56 Leather Archer Armor
35:23 Thumb Ring
35:43 Hand Cart
38:06 Two-Man Saw
38:48 Chemistry
37:58 Bracer
38:25 Ballistics
40:39 Ring Archer Armor
43:14 Masonry
43:18 Fortified Wall
43:19 Masonry
43:13 Elite Genoese Crossbowman
44:38 Caravan
Faruk4999
10:08 Feudal Age
9:57 Loom
13:24 Double-Bit Axe
16:52 Castle Age
15:18 Horse Collar
18:21 Stone Mining
20:36 Gold Mining
22:07 Heavy Plow
28:10 Town Watch
29:00 Wheelbarrow
29:11 Gold Shaft Mining
29:51 Forging
29:41 Scale Mail Armor
29:54 Caravan
34:17 Imperial Age
32:16 Bow Saw
32:02 Fletching
33:20 Ballistics
33:12 Masonry
34:00 Hand Cart
33:45 Town Patrol
35:37 Iron Casting
35:17 Chain Mail Armor
35:09 Treadmill Crane
35:35 Siege Engineers
35:26 Murder Holes
36:33 Chemistry
35:19 Capped Ram
37:32 Conscription
37:27 Squires
37:12 Arson
38:11 Elite Samurai
43:19 Blast Furnace
42:49 Plate Mail Armor
42:48 Onager
43:41 Bodkin Arrow
44:20 Kataparuto
andonihc9
8:46 Loom
10:52 Feudal Age
11:28 Double-Bit Axe
13:42 Wheelbarrow
20:59 Castle Age
18:54 Fletching
19:50 Gold Mining
22:20 Stone Mining
27:19 Crossbowman
27:43 Horse Collar
28:43 Bow Saw
29:14 Heavy Plow
30:45 Forging
30:34 Bodkin Arrow
32:02 Forging
33:19 Thumb Ring
34:25 Hand Cart
34:49 Iron Casting
38:02 Imperial Age
35:27 Stone Mining
36:36 Scale Barding Armor
36:32 Padded Archer Armor
36:32 Scale Mail Armor
37:00 Husbandry
36:49 Pikeman
37:30 Squires
37:16 Gambesons
37:57 Chain Barding Armor
37:03 Light Cavalry
39:31 Gold Shaft Mining
39:49 Stone Shaft Mining
39:57 Heavy Camel Rider
43:42 Bracer
43:58 Chain Mail Armor
44:19 Plate Barding Armor
44:37 Sanctity
46:42 Plate Mail Armor
46:28 Leather Archer Armor
Connection lost

Rejoining the realm…

Still unreachable

The connection could not be restored.

Session expired

The server has moved on; the page needs a fresh start.